 Crawl Stoat Soup version 0.23-ish-327-95-g181beea39d (console) character file.

4321 hilarita the Arsonist (level 10, -9/66 HPs)
             Began as a Faerie Dragon Fire Elementalist on Apr 11, 2024.
             Was a Believer of Sif Muna.
             Shot with a bolt by a yaktaur captain (38 damage)
             ... on level 9 of the Dungeon.
             The game lasted 00:23:30 (8486 turns).

hilarita the Arsonist (FDFE)                        Turns: 8486, Time: 00:23:31

Health: -9/66      AC: 10    Str:  6    XL:     10   Next: 33%
Magic:  14/20      EV: 14    Int: 22    God:    Sif Muna [**....]
Gold:   46         SH: 10    Dex: 13    Spells: 4/23 levels left

rFire    + . .     SeeInvis .   v - +4 quarterstaff (chaos)
rCold    x . .     Gourm    .   (shield currently unavailable)
rNeg     . . .     Faith    .   (armour unavailable)
rPois    .         Spirit   .   (helmet restricted)
rElec    .         Warding  .   f - +1 cloak
rCorr    .         Reflect  +   u - +1 pair of gloves
MR       +....     Harm     .   (no boots)
Stlth    +.........             r - +4 amulet of reflection
HPRegen  0.21/turn              s - ring of fire
MPRegen  0.17/turn              (no ring)

@: flying
A: small, sparkly, unfitting armour, magic attunement, magical scales, able to
fly
a: Stop Flying, Divine Energy, Renounce Religion


You were on level 9 of the Dungeon.
You worshipped Sif Muna.
Sif Muna was pleased with you.
You were not hungry.

You visited 2 branches of the dungeon, and saw 10 of its levels.

You collected 501 gold pieces.
You spent 455 gold pieces at shops.

Inventory:

Hand Weapons
 v - a +4 quarterstaff of chaos (weapon)
Missiles
 h - 148 arrows
 z - 51 stones (quivered)
Armour
 f - a +1 cloak (worn)
 u - a +1 pair of gloves (worn)
Jewellery
 r - a +4 amulet of reflection (around neck)
 s - a ring of fire (left hand)
Wands
 t - a wand of iceblast (8 charges)
 x - a wand of flame (31 charges)
Scrolls
 a - 4 scrolls of identify
 d - 2 scrolls of enchant armour
 k - 3 scrolls of enchant weapon
 o - 2 scrolls of amnesia
 q - 5 scrolls of remove curse
 y - a scroll of magic mapping
Potions
 e - a potion of curing
 i - 2 potions of invisibility
 j - a potion of magic
 m - a potion of mutation
 n - 2 potions of might
 p - 2 potions of agility
Comestibles
 b - 7 bread rations
 g - 5 meat rations
 w - 24 fruits


   Skills:
 + Level 5.5 Fighting
 - Level 2.1 Dodging
 - Level 1.2 Stealth
 + Level 7.2 Spellcasting
 + Level 7.5 Conjurations
 * Level 11.3 Fire Magic
 + Level 1.4 Earth Magic
 + Level 3.9 Invocations


You had 4 spell levels left.
You knew the following spells:

 Your Spells              Type           Power        Failure   Level  Hunger
a - Flame Tongue          Conj/Fire      40/40        1%          1    None
b - Throw Flame           Conj/Fire      50/50        1%          2    None
c - Conjure Flame         Conj/Fire      65/100       1%          3    None
d - Sticky Flame          Conj/Fire      65/100       1%          4    None
e - Fireball              Conj/Fire      65/200       4%          5    None
f - Stone Arrow           Conj/Erth      27/50        3%          3    None
g - Sandblast             Erth           14/50        4%          1    None

Your spell library contained the following spells:

 Spells                   Type           Power        Failure   Level  Hunger
 Inner Flame              Hex/Fire       49/100       2%          3    None
 Apportation              Tloc           7/50         9%          1    None
 Confusing Touch          Hex            7/50         9%          1    None
 Necrotise                Necr           7/25         9%          1    None
 Summon Small Mammal      Summ           7/25         9%          1    None
 Passwall                 Tmut/Erth      11/120       9%          2    None
 Slow                     Hex            7/100        12%         2    None
 Portal Projectile        Hex/Tloc       7/50         24%         3    None
 Leda's Liquefaction      Hex/Erth       11/200       52%         4    None
 Petrify                  Tmut/Erth      11/100       52%         4    None
 Cause Fear               Hex            7/200        63%         4    None
 Lee's Rapid Deconstruct  Erth           14/200       77%         5    None


Dungeon Overview and Level Annotations

Branches:
Dungeon (9/15)             Temple (1/1) D:6
   Lair: D:8-11         Orc: D:9-12

Altars:
Ashenzari
Cheibriados
Dithmenos
Elyvilon
Fedhas
Gozag
Hepliaklqana Ihp'ix
Kikubaaqudgha
Makhleb
Nemelex Xobeh
Okawaru
Qazlal
Ru
Sif Muna
Trog
Uskayaw
Vehumet
Wu Jian
Xom
Yredelemnul
Zin
The Shining One

Shops:
D:4 *   D:8 :


Innate Abilities, Weirdness & Mutations

Your sparkly wings attract attention (Stealth-).
You are small and have problems with some larger weapons.
You cannot fit into any form of body armour.
Your spells do not cause hunger; their MP costs are reduced by 1.
Your shimmering scales repel attacks (AC +6, SH +6).
You can fly continuously.


Message History

Casting: Flame Tongue (safe; 1% risk of failure)
Confirm with . or Enter, or press ? or * to list all spells.
Aiming: Conjure Flame (safe; 1% risk of failure)
Press: ? - help, Dir - move target cursor You feel a surge of power!
The fire ignites!
Casting: Conjure Flame (safe; 1% risk of failure)
Confirm with . or Enter, or press ? or * to list all spells.
Aiming: Fireball (safe; 4% risk of failure)
Press: ? - help, Shift-Dir - straight line, f - yaktaur captain
Aim: a yaktaur captain, wielding an arbalest You feel a surge of power!
The fireball explodes!
The fireball engulfs the yaktaur captain.
The yaktaur captain is moderately wounded.
The yaktaur captain shoots a bolt.
The bolt hits you!!!
Ouch! That really hurt!
* * * LOW HITPOINT WARNING * * *
Unknown command.
You feel much better.
The yaktaur captain shoots a bolt.
The bolt hits you!!!
Ouch! That really hurt!
You die...

#.........
##......
##....##.#
#....†<#..
##.....##.#
###.........# ##
#........##.# c#
#........##.###.#
#...........#.#.#
#........#..#.#§#
#.......####.#@#
##.......#.###.#
#.......###..#.#
#............###
#..............#
####.......#####
###...#####
#..>..# ##...##
#####


You could see a yaktaur captain.

Vanquished Creatures
  A two-headed ogre (D:8)
  A wyvern (D:8)
  A steam dragon (D:8)
  An orc warrior (D:6)
  2 ice beasts
  3 sky beasts
  3 ogres
  A phantom (D:9)
  2 centaurs
  2 big kobolds
  2 bullfrogs
  A water moccasin skeleton (D:9)
  7 killer bees
  12 wights
  A howler monkey (D:4)
  A bullfrog zombie (D:7)
  2 goliath beetles
  5 orc wizards
  Crazy Yiuf (D:7)
  2 jellies
  6 hounds
  A bullfrog skeleton (D:5)
  A centaur skeleton (D:4)
  An iguana (D:4)
  6 worker ants
  Terence (D:3)
  2 hound skeletons
  3 gnolls (D:7)
  10 adders
  2 white imps
  2 oozes
  2 adder skeletons (D:5)
  4 worms
  2 dart slugs (D:1)
  2 leopard geckos
  14 orcs
  7 giant cockroaches
  10 goblins
  11 hobgoblins
  3 jackals (D:1)
  3 weasels
  3 ball pythons
  10 bats
  7 frilled lizards
  10 kobolds
  6 rats
180 creatures vanquished.

Vanquished Creatures (others)
  A sky beast (D:6)
  A centaur (D:6)
2 creatures vanquished.

Grand Total: 182 creatures vanquished

Notes
Turn   | Place    | Note
-------+----------+-------------------------------------------
     0 | D:1      | hilarita the Faerie Dragon Fire Elementalist began the
                  | quest for the Orb.
     0 | D:1      | Reached XP level 1. HP: 11/11 MP: 3/3
     8 | D:1      | Noticed a black mamba
     9 | D:1      | Noticed a polar bear
     9 | D:1      | Noticed a crocodile
    45 | D:1      | Reached XP level 2. HP: 18/18 MP: 5/5
    67 | D:1      | Reached skill level 4 in Fire Magic
   154 | D:1      | Learned a level 2 spell: Throw Flame
   268 | D:1      | Reached XP level 3. HP: 22/22 MP: 7/7
   278 | D:1      | Learned a level 3 spell: Conjure Flame
   387 | D:1      | Reached skill level 1 in Fighting
   820 | D:2      | Reached XP level 4. HP: 28/28 MP: 8/8
  1172 | D:2      | Found a burning altar of Makhleb.
  1209 | D:2      | Found a sparkling altar of Nemelex Xobeh.
  1809 | D:2      | Reached skill level 5 in Fire Magic
  1940 | D:3      | Reached XP level 5. HP: 33/33 MP: 9/9
  2123 | D:3      | Noticed Terence
  2129 | D:3      | Killed Terence
  2138 | D:3      | Learned a level 4 spell: Sticky Flame
  2452 | D:3      | Found an ancient bone altar of Kikubaaqudgha.
  2674 | D:4      | Found a basalt altar of Yredelemnul.
  2836 | D:4      | Noticed an ogre
  2843 | D:4      | Killed an ogre
  2843 | D:4      | Reached XP level 6. HP: 39/39 MP: 7/11
  2949 | D:4      | Reached skill level 6 in Fire Magic
  3021 | D:4      | Found Qaz Quel's Lightly-Used Armoury.
  3145 | D:4      | Found a white marble altar of Elyvilon.
  3402 | D:4      | Reached XP level 7. HP: 42/45 MP: 9/13
  3480 | D:4      | Found an opulent altar of Gozag.
  3480 | D:4      | Found a glowing silver altar of Zin.
  3596 | D:4      | Found an iron altar of Okawaru.
  3835 | D:5      | Entered Level 5 of the Dungeon
  3852 | D:5      | Reached skill level 7 in Fire Magic
  4227 | D:5      | Found a three-legged altar of Ihp'ix.
  4333 | D:5      | Reached XP level 8. HP: 52/52 MP: 11/15
  4340 | D:5      | Learned a level 5 spell: Fireball
  4551 | D:5      | Reached skill level 5 in Spellcasting
  4659 | D:5      | Reached skill level 5 in Conjurations
  4659 | D:5      | Reached skill level 8 in Fire Magic
  5130 | D:6      | Found a staircase to the Ecumenical Temple.
  5147 | Temple   | Entered the Ecumenical Temple
  5191 | Temple   | Became a worshipper of Sif Muna the Loreminder
  5274 | D:6      | Found a hide-covered altar of Uskayaw.
  5275 | D:6      | Found a sacrificial altar of Ru.
  5403 | D:6      | Found a snail-covered altar of Cheibriados.
  5647 | D:6      | Reached skill level 9 in Fire Magic
  5684 | D:6      | Reached skill level 1 in Invocations
  5684 | D:6      | Reached XP level 9. HP: 44/58 MP: 15/17
  6169 | D:7      | Reached * piety under Sif Muna
  6682 | D:7      | Reached skill level 10 in Fire Magic
  6759 | D:7      | Found a runed door.
  6867 | D:7      | Noticed Crazy Yiuf
  6874 | D:7      | Killed Crazy Yiuf
  7100 | D:8      | Noticed a two-headed ogre
  7130 | D:8      | Killed a two-headed ogre
  7130 | D:8      | Reached skill level 5 in Fighting
  7277 | D:8      | Found a sacrificial altar of Ru.
  7338 | D:8      | Found a stormy altar of Qazlal.
  7457 | D:8      | Reached XP level 10. HP: 63/66 MP: 18/20
  7509 | D:8      | Reached ** piety under Sif Muna
  7513 | D:8      | Reached skill level 11 in Fire Magic
  7604 | D:8      | Found Vaeb Cea's Book Shop.
  7611 | D:8      | Bought a book of Geomancy for 455 gold pieces
  7616 | D:8      | Learned a level 3 spell: Stone Arrow
  7618 | D:8      | Learned a level 1 spell: Sandblast
  8361 | D:9      | Reached skill level 1 in Earth Magic
  8483 | D:9      | Noticed a yaktaur captain
  8486 | D:9      | Shot with a bolt by a yaktaur captain

Vault maps used:
D:1:      onia_arrival_zoo_common, minmay_shallow_snake_nest
D:2:      nemelex_xobeh_ov_fountains_minmay, nicolae_overflow_crystal_walls
D:3:      lemuel_doored_altar, first_bread, uniq_terence
D:4:      kennysheep_ying_yang, grunt_temple_overflow_gold_and_silver,
          kennysheep_okawaru_gauntlet, minmay_shop_damaged
D:5:      marbit_many_paths, serial_bayou, serial_bayou_pond_a,
          serial_bayou_pond_e, serial_bayou_lagoon_b, serial_bayou_lagoon_a
D:6:      gammafunk_temple_overflow_pools, lemuel_crystal_altar,
          minmay_temple_entry_offerings
D:7:      mrwooster_statue_mirror, kennysheep_generic_room_10,
          uniq_crazy_yiuf_cottage
D:8:      kennysheep_mini, serial_shops, nicolae_shop_statue_plus,
          blue_anna_alchemist, nicolae_ru_awakened_eye
D:9:      minmay_chopped_fan, kennysheep_pointless_box, minmay_shop_chei,
          chequers_decorated_corner
Temple:   jpeg_temple_alley_garden

Skill      XL: |  1  2  3  4  5  6  7  8  9 10 |
---------------+-------------------------------+-----
Fire Magic     | 4 5 6 7 9 10 11 | 11.3
Fighting       | 1 2 3 4 5 |  5.5
Conjurations   | 2 3 4 5 7 |  7.5
Spellcasting   | 3 4 5 6 7 |  7.2
Invocations    | 1 3 |  3.9
Earth Magic    | 1 |  1.4
Dodging        | |  2.1
Stealth        | |  1.2

Action                   |  1- 3 |  4- 6 |  7- 9 | 10-12 || total
-------------------------+-------+-------+-------+-------++-------
Melee: Whip              |       |       |     1 |       ||     1
 Cast: Flame Tongue      |    60 |    92 |   227 |    60 ||   439
       Throw Flame       |       |    19 |    37 |     2 ||    58
       Conjure Flame     |       |     1 |    10 |     6 ||    17
       Sticky Flame      |       |       |     3 |     2 ||     5
       Fireball          |       |       |       |     1 ||     1
  Use: Scroll            |     5 |    12 |     5 |       ||    22
       Potion            |       |       |       |     1 ||     1
  Eat: Chunk             |       |     7 |    11 |     3 ||    21
       Fruit             |       |       |     2 |       ||     2
Armor: Skin              |     5 |     5 |    18 |    13 ||    41
Dodge: Dodged            |    10 |    18 |    37 |    23 ||    88
Block: Other             |     4 |    19 |    43 |    20 ||    86
       Reflection        |       |     2 |     6 |       ||     8

Table legend:
 A = Spawn XP
 B = Non-spawn XP
 C = Spawn XP percentage of total XP
 D = Spawn monster count
 E = Non-spawn monster count
 F = Spawn count percentage of total count
 G = Total turns spent on level
                    A         B        C        D         E        F      G
               +---------+---------+-------+---------+---------+-------+---------
         Total |     486 |    5687 |   7.9 |      20 |     162 |  11.0 |  8486
               +---------+---------+-------+---------+---------+-------+---------
           D:1 |      12 |      56 |  17.6 |       4 |      31 |  11.4 |   781
           D:2 |      17 |      72 |  19.1 |       3 |      16 |  15.8 |  1040
           D:3 |      11 |      54 |  16.9 |       3 |      14 |  17.6 |   690
           D:4 |      92 |     466 |  16.5 |       2 |      18 |  10.0 |  1324
           D:5 |       2 |     747 |   0.3 |       1 |      19 |   5.0 |  1070
           D:6 |     230 |     643 |  26.3 |       4 |      17 |  19.0 |   964
           D:7 |      32 |    1084 |   2.9 |       1 |      23 |   4.2 |  1086
           D:8 |      90 |    2122 |   4.1 |       2 |      19 |   9.5 |  1380
           D:9 |       0 |     443 |   0.0 |       0 |       5 |   0.0 |    73
               +---------+---------+-------+---------+---------+-------+---------
